 Dungeon Crawl Stone Soup version 0.20-b1-18-gaa2fd62 (webtiles) character file.

6835 Gorglomux the Severer (level 10, -5/92 (96) HPs)
             Began as a Minotaur Berserker on May 24, 2017.
             Was a High Priest of Trog.
             Succumbed to Sonja's curare-tipped needle
             ... on level 10 of the Dungeon.
             The game lasted 00:06:06 (8963 turns).

Gorglomux the Severer (Minotaur Berserker)          Turns: 8963, Time: 00:06:07

HP:   -5/92 (96)    AC:  7    Str: 20 (21) XL:     10   Next: 77%
MP:   9/9           EV: 11    Int:  2 (4)  God:    Trog [*****.]
Gold: 402           SH:  0    Dex: 13 (14) Spells: 9/9 levels left

rFire    . . .     SeeInvis .   G - +0 war axe
rCold    . . .     Gourm    .   (no shield)
rNeg     . . .     Faith    +   v - +0 ring mail
rPois    .         Spirit   .   (helmet restricted)
rElec    .         Reflect  .   s - +0 cloak (curse)
rCorr    .         Harm     .   g - +0 pair of gloves
MR       ++...                  (no boots)
Stlth    +.........             e - amulet of faith {Faith, !P}
Regen    1.3/turn               (no ring)
MPRegen  0.2/turn               (no ring)

@: lethally poisoned (-5 -> -63), regenerating, slowed, very slow
A: retaliatory headbutt, horns 2
a: Berserk, Trog's Hand, Brothers in Arms, Burn Spellbooks, Renounce Religion


You were on level 10 of the Dungeon.
You worshipped Trog.
Trog was extremely pleased with you.
You were hungry.

You visited 1 branch of the dungeon, and saw 10 of its levels.

You collected 521 gold pieces.
You spent 119 gold pieces at shops.

Inventory:

Hand Weapons
 a - a +0 hand axe
 G - a +0 war axe (weapon)
   (You found it on level 6 of the Dungeon)
Missiles
 J - 4 curare-tipped needles
 P - a throwing net {=f, !d}
Armour
 b - a +0 animal skin
 g - a +0 pair of gloves (worn)
   (You found it on level 1 of the Dungeon)
 s - a cursed +0 cloak (worn)
   (You found it on level 3 of the Dungeon)
 v - a +0 ring mail (worn)
   (You found it on level 4 of the Dungeon)
 O - a +0 pair of boots
   (You found it on level 7 of the Dungeon)
Jewellery
 e - an amulet of faith (around neck) {Faith, !P}
   (You found it on level 1 of the Dungeon)
 h - an uncursed amulet of the gourmand {unknown}
   (You found it on level 1 of the Dungeon)
Wands
 F - a wand of acid (10/15)
   (You took it off Ijyb on level 5 of the Dungeon)
 I - a wand of digging (8/24)
   (You found it on level 6 of the Dungeon)
 R - a wand of iceblast (1/15)
   (You found it on level 9 of the Dungeon)
Scrolls
 d - 10 scrolls of identify {unknown}
 i - 2 scrolls of fog {unknown}
 k - 3 scrolls of enchant weapon {unknown}
 o - 2 scrolls of enchant armour {unknown}
 q - 3 scrolls of teleportation {unknown}
 r - 2 scrolls of amnesia {unknown}
 u - 9 scrolls of remove curse {unknown}
 w - 2 scrolls of fear {unknown}
 y - 3 scrolls of blinking {unknown}
 E - a scroll of vulnerability {unknown}
 K - a scroll of random uselessness {unknown}
 L - 2 scrolls of holy word {unknown}
 M - a scroll of immolation {unknown}
 N - a scroll of recharging {unknown}
Potions
 j - 3 potions of degeneration {!q}
 l - 2 potions of magic {unknown}
 n - 2 potions of resistance {unknown}
 p - 2 potions of brilliance {unknown}
 t - 3 potions of berserk rage {unknown}
 z - a potion of flight {unknown}
 A - a potion of lignification {unknown}
 B - 2 potions of curing {unknown}
 C - a potion of agility {unknown}
 D - 2 potions of mutation {unknown}
 H - a potion of might {unknown}
Comestibles
 c - 7 bread rations {@e1}
 f - 4 royal jellies
 m - 2 meat rations {@e2}
 x - 8 fruits


   Skills:
 + Level 11.5 Fighting
 * Level 15.7 Axes
 - Level 2.4 Armour
 - Level 2.1 Dodging


You had 9 spell levels left.
You didn't know any spells.

Dungeon Overview and Level Annotations

Branches:
Dungeon (10/15)            Temple (0/1) D:4            Lair (0/6) D:9
    Orc: D:9-12

Altars:
Elyvilon
Fedhas
Hepliaklqana
Kikubaaqudgha
Makhleb
Nemelex Xobeh
Ru

Shops:
D:7 *

Annotations:
D:10 Sonja


Innate Abilities, Weirdness & Mutations

You reflexively headbutt those who attack you in melee.
You have a pair of horns on your head.


Message History

You destroy the hungry ghost!
Trog accepts your kill.
No target in view!
No target in view!
Unknown command.
Sonja, the Graceful Assassin comes into view.
She is wielding a short sword of distortion.
Sonja shouts!
Sonja casts a spell.
Sonja blinks!
Sonja unwields an uncursed short sword of distortion.
Its appearance distorts for a moment.
Sonja wields an uncursed blowgun.
Sonja shoots a curare-tipped needle.
The curare-tipped needle hits you.
You are poisoned.
You have difficulty breathing.
You feel yourself slow down.
You feel sick.
Sonja shoots a curare-tipped needle.
The curare-tipped needle hits you.
You are more poisoned.
You have difficulty breathing.
You feel as though you will be slow longer.
Sonja shoots a curare-tipped needle.
The curare-tipped needle hits you.
You are more poisoned.
You have difficulty breathing.
You feel as though you will be slow longer.
You see here 2 curare-tipped needles.
You feel very sick.
Sonja shoots a curare-tipped needle.
The curare-tipped needle closely misses you.
Sonja shoots a curare-tipped needle.
The curare-tipped needle hits you.
You are more poisoned.
You have difficulty breathing.
You feel as though you will be slow longer.
Sonja shoots a curare-tipped needle.
The curare-tipped needle hits you.
You are more poisoned.
You have difficulty breathing.
You feel as though you will be slow longer.
You see here 2 curare-tipped needles.
You are too injured to fight recklessly!
You are too injured to fight recklessly!
Unknown command.
There is a lethal amount of poison in your body!
You are too injured to fight recklessly!
You are too injured to fight recklessly!
You are too injured to fight recklessly!
You are too injured to fight recklessly!
You are too injured to fight recklessly!
Unknown command.
Unknown command.
Unknown command.
Unknown command.
Unknown command.
Sorry, you can't target yourself.
Okay, then.
Unknown command.
Aim: Sonja, wielding a blowgun The mass of ice explodes!
The iceblast engulfs Sonja.
Evoking this partially-identified wand wasted a few charges.
You feel extremely sick.
Sonja casts a spell.
Sonja blinks!
Sonja shoots a curare-tipped needle.
The curare-tipped needle hits you.
You are more poisoned.
You have difficulty breathing.
You feel as though you will be slow longer.
Unknown command.
Unknown command.
Okay, then.
Your skin crawls.
You feel resistant to hostile enchantments.
You feel somewhat more hungry.
* * * LOW HITPOINT WARNING * * *
You feel extremely sick.
Sonja shoots a curare-tipped needle.
The curare-tipped needle hits you.
You are more poisoned.
You have difficulty breathing.
* * * LOW HITPOINT WARNING * * *
You feel as though you will be slow longer.
Sonja shoots a curare-tipped needle.
The curare-tipped needle hits you.
You are more poisoned.
You have difficulty breathing.
* * * LOW HITPOINT WARNING * * *
You feel as though you will be slow longer.
Unknown command.
Unknown command.
Unknown command.
It was a potion of degeneration.
There was something very wrong with that liquid.
You feel weakened.
You feel dopey.
You feel clumsy.
You die...

#######################
.......................
...........(....(...#
.......<......(.....#
#####..........@....#
#..............##
#..............#
#..........###.#
#..........# .#
#..........# .
#..........# .
#.......### K.


You could see Sonja.

Vanquished Creatures
  2 two-headed ogres
  The ghost of Iflex the Spear-Bearer, a novice MfGl of Okawaru (D:8)
  A troll (D:9)
  3 hippogriffs
  Sigmund (D:4)
  Eustachio (D:4)
  2 hungry ghosts
  A water moccasin (D:8)
  3 orc warriors
  3 ice beasts
  2 necrophages (D:9)
  2 phantoms (D:9)
  4 ogres
  2 centaurs
  A crocodile (D:8)
  5 bullfrogs
  4 scorpions
  4 wights (D:9)
  4 killer bees (D:9)
  2 electric eels (D:7)
  A howler monkey (D:8)
  A centaur zombie (D:6)
  3 crimson imps
  An orc priest (D:6)
  A bullfrog zombie (D:9)
  A bullfrog skeleton (D:5)
  A gnoll shaman (D:7)
  2 hounds
  2 jellies
  5 orc wizards
  2 iguanas
  Ijyb (D:5)
  7 worker ants
  Natasha (thrice) (D:4)
  A hound zombie (D:5)
  2 hound skeletons
  2 worker ant zombies (D:9)
  A howler monkey zombie (D:7)
  3 gnolls (D:7)
  6 adders
  A shadow imp (D:6)
  3 oozes
  2 adder skeletons
  3 worms
  2 dart slugs (D:3)
  5 leopard geckos
  21 orcs
  3 giant cockroaches
  5 hobgoblins
  14 jackals
  5 quokkas
  A ball python (D:3)
  9 bats
  2 frilled lizards (D:1)
  4 goblins
  5 kobolds
  2 leopard gecko skeletons
  A quokka skeleton (D:5)
  A rat (D:1)
183 creatures vanquished.

Notes
Turn   | Place    | Note
-------+----------+-------------------------------------------
     0 | D:1      | Gorglomux the Minotaur Berserker began the quest for the Orb.
     0 | D:1      | Reached XP level 1. HP: 19/19 MP: 0/0
    44 | D:1      | Reached skill level 4 in Axes
    48 | D:1      | HP: 7/28 [ooze (4)]
    51 | D:1      | Reached XP level 2. HP: 10/27 MP: 1/1
   359 | D:1      | HP: 10/40 [jackal (3)]
   440 | D:1      | Reached ** piety under Trog
   493 | D:1      | Reached XP level 3. HP: 12/33 MP: 2/2
   540 | D:1      | Reached skill level 4 in Fighting
   784 | D:1      | Reached skill level 5 in Axes
  1072 | D:2      | HP: 8/33 [poisoned by an adder]
  1079 | D:2      | HP: 6/33 [poisoned by an adder]
  1084 | D:2      | HP: 5/33 [poisoned by an adder]
  1751 | D:3      | Reached XP level 4. HP: 32/40 MP: 3/3
  1810 | D:3      | Found a sacrificial altar of Ru.
  2359 | D:4      | Reached *** piety under Trog
  2379 | D:4      | Reached skill level 6 in Axes
  2415 | D:4      | Found a staircase to the Ecumenical Temple.
  2488 | D:4      | Reached XP level 5. HP: 36/47 MP: 4/4
  2567 | D:4      | Reached skill level 5 in Fighting
  2567 | D:4      | Reached skill level 7 in Axes
  2923 | D:4      | Noticed Natasha
  2932 | D:4      | Killed Natasha
  2977 | D:4      | Noticed Natasha
  2986 | D:4      | Killed Natasha
  2986 | D:4      | Reached XP level 6. HP: 47/56 MP: 5/5
  3012 | D:4      | Noticed Eustachio
  3014 | D:4      | Noticed Sigmund
  3025 | D:4      | Killed Sigmund
  3025 | D:4      | Reached skill level 8 in Axes
  3029 | D:4      | Killed Eustachio
  3029 | D:4      | Reached skill level 6 in Fighting
  3029 | D:4      | Reached XP level 7. HP: 55/63 MP: 6/6
  3136 | D:4      | Noticed Natasha
  3145 | D:4      | Killed Natasha
  3188 | D:5      | Entered Level 5 of the Dungeon
  3312 | D:5      | Reached skill level 9 in Axes
  3612 | D:5      | Noticed Ijyb
  3622 | D:5      | Killed Ijyb
  3717 | D:5      | Reached **** piety under Trog
  3979 | D:6      | Found a white marble altar of Elyvilon.
  3979 | D:6      | Found a blossoming altar of Fedhas.
  4131 | D:6      | Found a hazy altar of Hepliaklqana.
  4272 | D:6      | Found an ancient bone altar of Kikubaaqudgha.
  4273 | D:6      | Found a burning altar of Makhleb.
  4327 | D:6      | Reached skill level 10 in Axes
  4327 | D:6      | Reached XP level 8. HP: 55/71 MP: 7/7
  4346 | D:6      | Reached skill level 7 in Fighting
  5212 | D:7      | Found Dabuestre's Assorted Antiques.
  5227 | D:7      | Bought a scroll labeled GALISU UPRA for 25 gold pieces
  5227 | D:7      | Bought a scroll labeled XOGICWAANNA for 25 gold pieces
  5227 | D:7      | Bought a green potion for 22 gold pieces
  5227 | D:7      | Bought a viscous blue potion for 22 gold pieces
  5227 | D:7      | Bought a scroll labeled CAS FIONWOR for 25 gold pieces
  5254 | D:7      | Reached skill level 11 in Axes
  5346 | D:7      | Reached skill level 8 in Fighting
  5787 | D:7      | Reached ***** piety under Trog
  5838 | D:7      | Found a sparkling altar of Nemelex Xobeh.
  6049 | D:7      | Reached skill level 12 in Axes
  6180 | D:7      | Reached XP level 9. HP: 76/82 MP: 8/8
  6521 | D:7      | Received a gift from Trog
  6816 | D:8      | Reached skill level 9 in Fighting
  6830 | D:8      | Noticed a two-headed ogre
  6838 | D:8      | HP: 28/124 [two-headed ogre/giant spiked club (19)]
  6838 | D:8      | HP: 13/124 [two-headed ogre/giant spiked club (4)]
  6839 | D:8      | Killed a two-headed ogre
  6839 | D:8      | Reached skill level 13 in Axes
  7482 | D:8      | Reached skill level 10 in Fighting
  7523 | D:8      | Noticed Iflex's ghost (novice MfGl)
  7540 | D:8      | Killed Iflex's ghost
  7540 | D:8      | Reached skill level 14 in Axes
  7540 | D:8      | Reached XP level 10. HP: 70/93 MP: 9/9
  7936 | D:9      | Found a staircase to the Lair.
  8528 | D:9      | Reached skill level 11 in Fighting
  8528 | D:9      | Reached skill level 15 in Axes
  8680 | D:9      | Noticed a two-headed ogre
  8686 | D:9      | Killed a two-headed ogre
  8944 | D:10     | Entered Level 10 of the Dungeon
  8957 | D:10     | Noticed Sonja
  8962 | D:10     | HP: 13/92 [asphyx]
  8962 | D:10     | HP: 4/92 [asphyx]
  8963 | D:10     | Succumbed to Sonja's curare-tipped needle

Skill      XL: |  1  2  3  4  5  6  7  8  9 10 |
---------------+-------------------------------+-----
Axes           | 4 5 6 7 8 10 12 14 15 | 15.7
Fighting       | 4 5 6 8 10 11 | 11.5
Armour         | |  2.4
Dodging        | |  2.1

Action                   |  1- 3 |  4- 6 |  7- 9 | 10-12 || total
-------------------------+-------+-------+-------+-------++-------
Melee: Hand axe          |    88 |    92 |   131 |       ||   311
       Headbutt          |    12 |    13 |    60 |    40 ||   125
       War axe           |       |       |   101 |   127 ||   228
Invok: Berserk           |     4 |     2 |     8 |     4 ||    18
       Trog's Hand       |       |       |       |     2 ||     2
       Burn Spellbooks   |       |       |       |     1 ||     1
Evoke: Wand              |       |       |       |     1 ||     1
  Use: Potion            |       |       |       |     1 ||     1
 Stab: Sleeping          |       |     1 |       |       ||     1
  Eat: Chunk             |     5 |     6 |    11 |     6 ||    28
       Meat ration       |       |       |     2 |     2 ||     4
Armor: Animal skin       |    31 |     8 |       |       ||    39
       Ring mail         |       |     4 |    61 |    36 ||   101
Dodge: Dodged            |    63 |    45 |   100 |    67 ||   275

Vault maps used:
D:1:      lemuel_arrival_broad_hall, due_unseen_surprise
D:3:      nicolae_ru_path_of_blood
D:4:      minmay_temple_entry_butterflies, kennysheep_generic_room_13,
          uniq_eustachio, uniq_sigmund, uniq_natasha
D:5:      first_bread, uniq_ijyb
D:6:      gammafunk_temple_overflow_pools, gammafunk_temple_overflow_wave,
          lemuel_round_altar, nicolae_sextant
D:7:      wad_lake_hut, old_standard_altar, serial_shops, nicolae_shop_crystal,
          grunt_ogre_cave
D:8:      minmay_misc_feat_roman
D:9:      lair_entry_dummy, serial_undead, serial_undead_f, serial_undead_c,
          serial_undead_a, serial_undead_c
D:10:     hiddenorc2_lemuel, uniq_sonja

Table legend:
 A = Turns spent in this place as a percentage of turns spent in the entire game.
 B = Non-inter-level travel turns spent in this place as a percentage of non-inter-level travel turns spent in the entire game.
 C = Inter-level travel turns spent in this place as a percentage of turns spent in this place.
 D = Turns resting spent in this place as a percentage of non-inter-level travel turns spent in this place.
 E = Turns spent auto-exploring this place as a percentage of non-inter-level travel turns spent in this place.
 F = Non-inter-level travel turns spent in this place divided by the number of levels of this place that you've seen.
                   A       B       C       D       E      F
               +-------+-------+-------+-------+-------+----------------------
         Total | 100.0 | 100.0 |   0.4 |   2.5 |   7.4 | 371.5
       Dungeon | 100.0 | 100.0 |   0.4 |   2.5 |   7.4 | 371.5
               +-------+-------+-------+-------+-------+----------------------

Table legend:
 A = Kills in this place as a percentage of kills in entire the game.
 B = Kills by you in this place as a percentage of kills by you in the entire game.
 C = Kills by friends in this place as a percentage of kills by friends in the entire game.
 D = Other kills in this place as a percentage of other kills in the entire game.
 E = Experience gained in this place as a percentage of experience gained in the entire game.
 F = Experience gained in this place divided by the number of levels of this place that you have seen.
                   A       B       C       D       E      F
               +-------+-------+-------+-------+-------+----------------------
         Total | 100.0 | 100.0 |  -nan |  -nan | 100.0 | 976.5
       Dungeon | 100.0 | 100.0 |  -nan |  -nan | 100.0 | 976.5
               +-------+-------+-------+-------+-------+----------------------
